Map: Orbital Shipyard

Players

Socke

  • Race: Protoss Protoss
  • League: Master

oliM - Winner!

  • Race: Protoss Protoss
  • League: Master

VOD

Have the link to the VOD?

Description

Time

  • Played on: Jan. 20, 2016, 10:51 p.m.
  • Length: 18:01
Show
View Real Time Build Order
Export as new Build Order

Socke Protoss 

Build Orders: Nexus First, Blink Stalkers 

Get SALT Encoding   

  12  0:01  Probe (Chrono Boost)  
  13  0:12  Probe (Chrono Boost)  
  14  0:18  Pylon  
  14  0:22  Probe (Chrono Boost)  
  15  0:37  Probe (Chrono Boost)  
  16  0:47  Probe (Chrono Boost)  
  17  0:58  Nexus  
  17  1:07  Gateway  
  17  1:09  Probe (Chrono Boost)  
  18  1:14  Assimilator  
  18  1:20  Probe (Chrono Boost)  
  18  1:23  Assimilator  
  19  1:30  Probe (Chrono Boost)  
  20  1:36  Gateway  
  20  1:41  Probe (Chrono Boost)  
  21  1:52  Probe (Chrono Boost)  
  22  1:56  Cybernetics Core  
  22  2:02  Probe (Chrono Boost)  
  23  2:11  Probe (Chrono Boost)  
  23  2:13  Probe (Chrono Boost)  
  25  2:21  Probe (Chrono Boost)  
  26  2:23  Probe (Chrono Boost)  
  27  2:31  Probe (Chrono Boost)  
  27  2:32  Adept x2 (Chrono Boost)  
  27  2:33  Warp Gate  
  27  2:35  Probe  
  33  2:41  Pylon  
  33  2:43  Probe  
  34  2:47  Probe  
  35  2:55  Probe (Chrono Boost)  
  36  2:59  Probe (Chrono Boost), Twilight Council  
  36  3:05  Stalker  
  41  3:07  Stalker  
  41  3:09  Probe (Chrono Boost)  
  41  3:11  Probe (Chrono Boost)  
  43  3:17  Pylon  
  43  3:20  Probe (Chrono Boost)  
  43  3:26  Mothership Core (Chrono Boost)  
  46  3:29  Pylon  
  46  3:36  Probe (Chrono Boost), Pylon  
  46  3:40  Blink (Chrono Boost)  
  47  3:43  Probe (Chrono Boost)  
  47  3:46  Probe (Chrono Boost)  
  49  3:53  Probe  
  50  3:58  Probe  
  50  4:01  Assimilator  
  51  4:05  Probe  
  51  4:06  Assimilator  
  52  4:11  Nexus  
  52  4:12  Pylon  
  52  4:18  Stalker x2  
  52  4:19  Probe  
  57  4:29  Robotics Facility  
  57  4:32  Probe (Chrono Boost)  
  57  4:33  Probe (Chrono Boost)  
  59  4:45  Gateway, Probe (Chrono Boost)  
  60  4:46  Gateway x2  
  60  4:49  Probe (Chrono Boost)  
  61  4:55  Gateway  
  61  4:59  Probe (Chrono Boost)  
  62  5:03  Sentry x2  
  62  5:04  Pylon  
  66  5:08  Probe (Chrono Boost)  
  66  5:11  Probe (Chrono Boost)  
  67  5:18  Probe (Chrono Boost)  
  68  5:21  Pylon  
  68  5:22  Probe (Chrono Boost)  
  68  5:24  Observer (Chrono Boost)  
  68  5:27  Probe  
  68  5:28  Stalker x2, Probe  
  72  5:33  Probe  
  77  5:38  Probe  
  77  5:39  Probe  
  80  5:43  Observer (Chrono Boost)  
  80  5:45  Forge  
  80  5:46  Stalker x2  
  80  5:47  Stalker  
  80  5:48  Probe  
  80  5:49  Probe x2  
  87  5:55  Sentry  
  91  5:57  Stalker x2  
  91  5:59  Probe  
  91  6:03  Assimilator  
  96  6:08  Assimilator  
  96  6:11  Protoss Ground Weapons Level 1 (Chrono Boost)  
  96  6:20  Immortal (Chrono Boost), Probe x2  
  96  6:22  Probe  
  96  6:24  Pylon  
  103  6:27  Pylon, Photon Cannon  
  103  6:31  Probe x2, Photon Cannon  
  104  6:34  Probe  
  104  6:35  Stalker  
  104  6:39  Pylon  
  108  6:40  Pylon  
  108  6:41  Probe  
  109  6:55  Stalker x5  
  123  7:01  Immortal (Chrono Boost)  
  123  7:10  Robotics Bay  
  123  7:13  Stalker  
  125  7:22  Probe x2  
  127  7:31  Stalker x5  
  127  7:35  Pylon  
  127  7:36  Immortal (Chrono Boost)  
  141  7:38  Robotics Facility  
  141  7:46  Nexus  
  141  7:51  Protoss Ground Weapons Level 2  
  141  7:57  Stalker x2  
  141  7:58  Stalker x2  
  149  8:11  Pylon  
  149  8:12  Photon Cannon  
  149  8:15  Pylon  
  149  8:29  Disruptor (Chrono Boost)  
  155  8:34  Disruptor (Chrono Boost)  
  155  8:35  Pylon  
  155  8:36  Pylon  
  155  8:38  Photon Cannon  
  155  8:40  Photon Cannon  
  155  8:44  Assimilator  
  155  8:46  Dark Shrine, Photon Cannon  
  155  8:49  Assimilator  
  155  9:00  Disruptor (Chrono Boost)  
  152  9:05  Disruptor (Chrono Boost)  
  155  9:13  Probe  
  156  9:17  Stalker x6  
  156  9:23  Probe  
  172  9:31  Disruptor (Chrono Boost)  
  172  9:32  Stargate  
  172  9:36  Warp Prism (Chrono Boost)  
  174  9:42  Adept x2  
  174  9:43  Adept x2  
  182  10:02  Disruptor (Chrono Boost)  
  179  10:08  Disruptor (Chrono Boost)  
  180  10:22  Fleet Beacon  
  180  10:23  Stargate  
  176  10:32  Stargate  
  176  10:33  Disruptor (Chrono Boost)  
  179  10:37  Photon Cannon  
  179  10:39  Disruptor (Chrono Boost)  
  179  10:40  Photon Cannon  
  146  11:01  Stalker x2  
  146  11:02  Stalker x4  
  158  11:04  Disruptor (Chrono Boost)  
  161  11:12  Tempest  
  161  11:13  Tempest  
  157  11:26  Disruptor (Chrono Boost)  
  157  11:31  Zealot x4  
  157  11:32  Dark Templar x2  
  172  11:43  Disruptor (Chrono Boost)  
  172  11:45  Tempest (Chrono Boost)  
  167  11:55  Tempest (Chrono Boost)  
  167  11:58  Disruptor (Chrono Boost), Oracle (Chrono Boost)  
  153  12:27  Tempest (Chrono Boost)  
  157  12:37  Pylon  
  157  12:38  Observer  
  157  12:39  Pylon  
  157  12:41  Pylon  
  157  12:43  Observer, Pylon, Tempest (Chrono Boost)  
  146  12:44  Stalker x2  
  146  12:45  Stalker x3  
  150  13:02  Nexus  
  150  13:03  Stalker, Tempest (Chrono Boost)  
  146  13:27  Pylon  
  146  13:29  Pylon  
  146  13:30  Nexus  
  133  13:35  Tempest (Chrono Boost)  
  133  13:36  Disruptor (Chrono Boost)  
  133  13:38  Disruptor (Chrono Boost)  
  133  13:40  Tempest  
  147  13:43  Pylon  
  147  13:46  Photon Cannon  
  147  13:47  Zealot x5  
  155  14:01  Photon Cannon  
  153  14:08  Photon Cannon  
  153  14:13  Photon Cannon  
  153  14:25  Probe  
  153  14:27  Tempest  
  154  14:36  Probe  
  150  14:46  Probe  
  147  14:56  Disruptor x2 (Chrono Boost)  
  147  14:57  Probe  
  154  15:01  Oracle, Assimilator  
  154  15:03  Oracle  
  154  15:06  Assimilator  
  137  15:21  Stalker  
  137  15:22  Stalker x4  
  134  15:38  Photon Cannon  
  132  15:42  Photon Cannon  
  137  15:57  Disruptor x2 (Chrono Boost)  
  137  16:03  Zealot  
  139  16:10  Adept  
  141  16:14  Assimilator  
  141  16:16  Assimilator  
  141  16:20  Stalker x2  
  145  16:42  Stalker  
  145  16:43  Stalker x3  
  112  17:02  Stalker x2  
  82  17:17  Stalker x4  
Show
View Real Time Build Order
Export as new Build Order

oliM Protoss - Winner!

Build Orders: Nexus First, Blink Stalkers 

Get SALT Encoding   

  12  0:02  Probe (Chrono Boost)  
  13  0:12  Probe (Chrono Boost)  
  14  0:20  Pylon  
  14  0:23  Probe (Chrono Boost)  
  15  0:38  Probe (Chrono Boost)  
  16  0:48  Probe (Chrono Boost)  
  17  0:57  Nexus  
  17  1:08  Gateway  
  17  1:10  Probe (Chrono Boost)  
  18  1:21  Probe (Chrono Boost)  
  18  1:22  Assimilator  
  19  1:28  Assimilator  
  19  1:31  Probe (Chrono Boost)  
  20  1:41  Gateway  
  20  1:42  Probe (Chrono Boost)  
  21  1:52  Probe (Chrono Boost)  
  22  1:55  Cybernetics Core  
  22  2:03  Probe (Chrono Boost)  
  23  2:13  Pylon  
  23  2:14  Probe (Chrono Boost)  
  24  2:20  Probe (Chrono Boost)  
  25  2:24  Probe (Chrono Boost)  
  26  2:31  Adept x2 (Chrono Boost)  
  26  2:35  Warp Gate  
  30  2:37  Probe  
  31  2:47  Probe (Chrono Boost)  
  31  2:49  Mothership Core (Chrono Boost)  
  34  2:59  Probe (Chrono Boost)  
  35  3:08  Twilight Council  
  35  3:09  Probe x2 (Chrono Boost)  
  37  3:15  Stalker  
  37  3:19  Probe (Chrono Boost)  
  40  3:21  Stalker  
  42  3:28  Probe (Chrono Boost)  
  42  3:30  Probe (Chrono Boost)  
  44  3:38  Probe (Chrono Boost), Pylon  
  44  3:40  Probe (Chrono Boost)  
  46  3:49  Pylon  
  46  3:51  Blink (Chrono Boost)  
  46  3:55  Probe  
  46  3:56  Probe  
  48  4:03  Robotics Facility  
  48  4:06  Probe (Chrono Boost)  
  48  4:09  Probe (Chrono Boost)  
  50  4:18  Sentry, Probe (Chrono Boost)  
  50  4:20  Probe (Chrono Boost)  
  54  4:28  Probe (Chrono Boost)  
  54  4:30  Probe (Chrono Boost)  
  52  4:32  Assimilator  
  52  4:37  Probe (Chrono Boost), Assimilator  
  52  4:41  Probe  
  52  4:45  Nexus  
  54  4:48  Probe  
  54  4:51  Observer (Chrono Boost)  
  56  4:55  Gateway x2  
  56  4:57  Gateway  
  56  4:58  Gateway  
  56  4:59  Probe  
  56  5:00  Probe  
  58  5:09  Probe  
  58  5:12  Probe, Observer (Chrono Boost)  
  61  5:16  Pylon  
  61  5:20  Probe  
  61  5:21  Pylon  
  61  5:27  Pylon  
  62  5:35  Probe, Immortal (Chrono Boost)  
  67  5:41  Stalker x2  
  71  5:43  Probe  
  71  5:49  Forge  
  72  5:51  Stalker x2  
  72  5:54  Probe x2  
  78  5:57  Probe  
  79  6:04  Probe  
  79  6:06  Probe  
  79  6:07  Pylon  
  79  6:08  Probe  
  79  6:09  Immortal (Chrono Boost)  
  86  6:15  Probe  
  87  6:18  Probe x2  
  87  6:20  Protoss Ground Weapons Level 1 (Chrono Boost)  
  87  6:22  Robotics Bay  
  88  6:37  Photon Cannon  
  88  6:39  Pylon  
  88  6:40  Photon Cannon  
  88  6:42  Photon Cannon  
  88  6:44  Photon Cannon  
  88  6:45  Immortal (Chrono Boost)  
  92  6:53  Photon Cannon  
  92  7:00  Probe  
  92  7:01  Probe  
  93  7:03  Robotics Facility  
  93  7:05  Assimilator  
  93  7:07  Gateway  
  94  7:09  Pylon  
  94  7:10  Assimilator  
  94  7:12  Pylon  
  94  7:14  Zealot  
  96  7:20  Stalker x3  
  102  7:24  Probe x2, Disruptor (Chrono Boost)  
  102  7:29  Probe  
  108  7:30  Pylon  
  108  7:36  Probe  
  109  7:41  Probe  
  111  7:44  Probe  
  111  7:47  Nexus  
  111  7:48  Probe  
  111  7:49  Pylon  
  111  7:50  Disruptor (Chrono Boost)  
  115  7:54  Probe  
  115  7:55  Disruptor (Chrono Boost)  
  119  8:05  Pylon  
  119  8:08  Protoss Ground Weapons Level 2  
  119  8:09  Pylon  
  119  8:10  Stalker x4  
  127  8:17  Photon Cannon  
  126  8:21  Stalker  
  126  8:22  Stalker x2, Disruptor (Chrono Boost)  
  135  8:27  Disruptor (Chrono Boost)  
  135  8:33  Dark Shrine  
  138  8:35  Pylon x2  
  138  8:38  Pylon  
  138  8:41  Pylon  
  138  8:52  Nexus  
  138  8:54  Pylon  
  138  9:02  Disruptor (Chrono Boost)  
  137  9:06  Stalker x3  
  137  9:07  Stalker x3  
  149  9:11  Disruptor (Chrono Boost)  
  149  9:13  Zealot  
  154  9:21  Pylon  
  154  9:25  Stargate  
  154  9:30  Stalker x2  
  158  9:33  Disruptor (Chrono Boost)  
  158  9:41  Probe  
  158  9:42  Disruptor (Chrono Boost)  
  162  9:47  Dark Templar  
  164  10:04  Disruptor (Chrono Boost)  
  143  10:09  Stalker x5  
  143  10:10  Stalker  
  155  10:15  Assimilator  
  155  10:16  Probe  
  155  10:20  Assimilator  
  156  10:25  Pylon  
  156  10:26  Disruptor (Chrono Boost)  
  156  10:27  Oracle (Chrono Boost)  
  158  10:33  Photon Cannon  
  156  10:36  Photon Cannon  
  153  10:44  Stalker  
  153  10:45  Stalker x4  
  151  10:58  Disruptor  
  151  10:59  Stalker  
  151  11:00  Stalker  
  158  11:08  Stalker  
  158  11:09  Stalker x2  
  164  11:16  Photon Cannon  
  164  11:18  Photon Cannon  
  164  11:22  Photon Cannon  
  160  11:27  Stalker x4  
  160  11:30  Disruptor  
  171  11:34  Dark Templar  
  171  11:36  Zealot x2  
  177  11:52  Nexus  
  177  12:02  Stalker x3  
  177  12:04  Disruptor  
  161  12:14  Probe  
  160  12:17  Adept x3  
  160  12:20  Disruptor  
  169  12:29  Oracle (Chrono Boost)  
  172  12:35  Pylon  
  172  12:36  Pylon  
  172  12:53  Stalker  
  172  12:56  Stalker x5  
  182  13:00  Oracle (Chrono Boost)  
  185  13:08  Photon Cannon  
  185  13:10  Photon Cannon  
  175  13:15  Disruptor  
  164  13:20  Disruptor  
  164  13:24  Stalker x2  
  159  13:37  Dark Templar  
  161  13:43  Templar Archives  
  161  13:45  Dark Templar x3  
  167  13:54  Dark Templar  
  165  13:55  Archon  
  165  13:59  Probe  
  165  14:01  Probe  
  165  14:02  Archon  
  167  14:03  Dark Templar  
  167  14:04  Disruptor (Chrono Boost)  
  167  14:05  Disruptor (Chrono Boost)  
  167  14:09  Dark Templar  
  175  14:11  Probe  
  175  14:14  Archon  
  176  14:19  Dark Templar  
  178  14:25  Stalker  
  178  14:26  Stalker  
  182  14:34  Dark Templar  
  181  14:40  Stalker  
  180  14:52  Stalker x4  
  176  14:58  Assimilator  
  176  15:01  Disruptor (Chrono Boost)  
  176  15:05  Assimilator  
  147  15:28  Stalker x4  
  146  15:29  Stalker x2  
  146  15:34  Disruptor (Chrono Boost)  
  159  15:47  Gateway  
  159  15:48  Gateway  
  159  15:51  Gateway  
  159  15:52  Gateway  
  159  15:57  Dark Templar x5  
  161  15:58  Dark Templar  
  161  16:03  Archon x3  
  163  16:31  Stalker  
  163  16:32  Stalker x5  
  171  16:34  Disruptor x2  
  156  17:00  Stalker x4  
  156  17:01  Stalker x2  
  124  17:16  Disruptor  
  128  17:24  Observer  
  128  17:32  Dark Templar  
  128  17:37  Stalker x5  
Tags
 
Add a new tag
Caveats
  • Supply blocks, unpowered buildings, or Contaminate may cause inaccurate times.
  • Supply counts are checked every 10 seconds.